 Dungeon Crawl Stone Soup version 0.30.0-5-g1a98f26d00 (webtiles) character file.

Game seed: 13434476524343827969

583 hogiebunz the Skirmisher (level 7, 0/43 HPs)
             Began as a Kobold Hunter on May 11, 2023.
             Was a Follower of Sif Muna.
             Slain by a lemure (3 damage)
             ... led by Pikel
             ... on level 6 of the Dungeon.
             The game lasted 00:09:12 (5679 turns).

hogiebunz the Skirmisher (Kobold Hunter)            Turns: 5679, Time: 00:09:13

Health: 0/43       AC:  7    Str:  9    XL:     7   Next: 64%
Magic:  7/7        EV: 14    Int: 10    God:    Sif Muna [*.....]
Gold:   311        SH:  5    Dex: 20    Spells: 6/6 levels left

rFire   . . .        a - +1 shortbow (flame)
rCold   . . .        (shield currently unavailable)
rNeg    + . .        s - +0 ring mail of Pitoaxyhoco {+Blink rN+}
rPois   .            d - +0 helmet
rElec   .            (no cloak)
rCorr   .            (no gloves)
SInv    .            v - +0 pair of boots
Will    .....        h - amulet of reflection
Stlth   ++++         y - ring of wizardry
HPRegen 0.27/turn    (no ring)
MPRegen 0.10/turn

%: reflection, wizardry (x1)
@: no status effects
A: small, no large weapons, nightstalker 3
a: Renounce Religion, Evoke Blink, Channel Magic


You were on level 6 of the Dungeon.
You worshipped Sif Muna.
Sif Muna was aware of your devotion.
You visited 1 branch of the dungeon, and saw 6 of its levels.

You collected 311 gold pieces.

Inventory:

Hand Weapons
 a - a +1 shortbow of flaming (weapon)
 p - the +11 long sword of Neess {heavy, rF+ rC+ Dex+2}
   (You found it on level 2 of the Dungeon)

   Dex:       It affects your dexterity (+2).
   rF:        It protects you from fire.
   rC:        It protects you from cold.
Missiles
 n - 4 throwing nets
Armour
 d - a +0 helmet (worn)
 s - the +0 ring mail of Pitoaxyhoco (worn) {+Blink rN+}
   (You found it on level 2 of the Dungeon)

   rN:        It protects you from negative energy.
   +Blink:    It lets you blink.
 v - a +0 pair of boots (worn)
 x - a +3 chain mail
Magical Staves
 m - a staff of fire
 C - a staff of cold
Jewellery
 h - an amulet of reflection (around neck)
 y - a ring of wizardry (left hand)
Wands
 k - a wand of mindburst (18)
Scrolls
 b - 3 scrolls of immolation
 u - 2 scrolls of fear
 w - a scroll of brand weapon
 A - a scroll of amnesia
Potions
 e - a potion of cancellation
 f - a potion of berserk rage {unknown}
 g - 3 potions of magic
 i - 5 potions of attraction
 j - 2 potions of curing
 l - 2 potions of haste {unknown}
 o - 3 potions of might
 q - a potion of heal wounds {unknown}
 r - a potion of mutation {unknown}
 z - 2 potions of degeneration
 B - a potion of brilliance {unknown}


   Skills:
 + Level 4.2 Fighting
 * Level 8.3 Ranged Weapons
 + Level 4.7 Dodging
 + Level 4.9 Stealth


You had 6 spell levels left.
You didn't know any spells.
Your spell library contained the following spells:

 Spells                   Type           Power      Damage    Failure   Level
 Summon Small Mammal      Summ           0%         N/A       38%         1
 Cigotuvi's Dreadful Rot  Necr/Pois/Air  0%         N/A       52%         2
 Ensorcelled Hibernation  Hex/Ice        0%         N/A       52%         2
 Call Canine Familiar     Summ           0%         N/A       75%         3
 Ignite Poison            Fire/Tmut/Pois 0%         N/A       75%         3
 Spider Form              Tmut/Pois      0%         N/A       75%         3
 Summon Guardian Golem    Hex/Summ       0%         N/A       75%         3
 Anguish                  Hex/Necr       0%         N/A       98%         4
 Freezing Cloud           Conj/Ice/Air   0%         6-21      100%        5


Dungeon Overview and Level Annotations

Branches:
Dungeon (6/15)
 Temple: D:4-7

Altars:
Kikubaaqudgha
Makhleb
Qazlal
Sif Muna
Vehumet
Yredelemnul

Annotations:
D:6 Pikel


Innate Abilities, Weirdness & Mutations

You are small and have problems with some larger weapons.
You are completely attuned to the shadows.


Message History

You shoot an arrow. The arrow closely misses the lemure.
The lemure barely misses you.
You shoot an arrow. The arrow hits the lemure.
The arrow burns the lemure.
The lemure is moderately wounded.
The lemure hits you.
* * * LOW HITPOINT WARNING * * *
You block the lemure's attack. x2; The lemure barely misses you.
You shoot an arrow. The arrow hits the lemure!
The arrow burns the lemure.
The lemure is severely wounded.
The lemure hits you but does no damage. The lemure closely misses you.
You shoot an arrow.
The arrow hits the lemure but does no damage.
The lemure is severely wounded.
You block the lemure's attack. The lemure hits you.
* * * LOW HITPOINT WARNING * * *
The lemure hits you but does no damage.
You fail to use your ability.
You blink.
The ice beast closely misses you. The lemure completely misses you.
The ice beast attacks as you move away! The ice beast barely misses you.
The lemure misses you. Pikel misses you.
The ice beast attacks as you move away! The ice beast closely misses you.
The lemure shouts!
The lemure hits you but does no damage. The lemure attacks as you move away!
The lemure hits you.
* * * LOW HITPOINT WARNING * * *
The ice beast attacks as you move away! The ice beast closely misses you.
You block the lemure's attack. The lemure hits you.
* * * LOW HITPOINT WARNING * * *
You block the lemure's attack.
Pikel says, "All the lords of Hell know my name!"
The lemure attacks as you move away! The lemure misses you.
The lemure attacks as you move away! The lemure hits you but does no damage.
You feel stable enough to blink again. The ice beast attacks as you move away!
The ice beast completely misses you. The lemure attacks as you move away!
The lemure misses you. The ice beast closely misses you.
The lemure hits you but does no damage.
Pikel cracks his whip.
The lemure misses you. The lemure attacks as you move away!
The lemure hits you.
You die...

#.#.#.#
#.#((#. #
#.#(#(#.#.##
#.
#.##(((##...
##.
#.@#####..###
#..
#.Y55........
...
##.5K5...###
#..
####......#
##. ####.#...
... #.####
##. #§....
.###. #.....
...†. ######
####.


You could see Pikel, an ice beast, 4 lemures and 7 dancing weapons.

Vanquished Creatures
  Sigmund (D:3)
  A bullfrog (D:6)
  A jelly (D:5)
  An orc priest (D:5)
  Jessica (D:2)
  3 iguanas
  5 adders
  6 gnolls
  A white imp (D:6)
  2 worms
  3 dart slugs
  7 orcs
  4 endoplasms
  A giant cockroach (D:2)
  5 goblins
  6 hobgoblins
  5 quokkas
  2 ball pythons
  5 bats
  5 frilled lizards
  5 kobolds (D:2)
  6 rats
76 creatures vanquished.

Notes
Turn   | Place    | Note
-------+----------+-------------------------------------------
     0 | D:1      | hogiebunz the Kobold Hunter began the quest for the Orb.
     0 | D:1      | Reached XP level 1. HP: 12/12 MP: 1/1
   355 | D:1      | Reached XP level 2. HP: 17/18 MP: 2/2
  1082 | D:2      | Reached XP level 3. HP: 22/22 MP: 3/3
  1115 | D:2      | Reached skill level 6 in Ranged Weapons
  1120 | D:2      | Reached XP level 4. HP: 23/27 MP: 4/4
  1373 | D:2      | Found a shimmering blue altar of Sif Muna.
  1385 | D:2      | Became a worshipper of Sif Muna the Loreminder
  1400 | D:2      | Identified the +11 long sword of Neess {heavy, rF+ rC+
                  | Dex+2}
  1560 | D:2      | Identified the +0 ring mail of Pitoaxyhoco {+Blink rN+}
  1706 | D:2      | Noticed Jessica
  1710 | D:2      | Killed Jessica
  1711 | D:2      | Reached XP level 5. HP: 29/32 MP: 5/5
  2137 | D:3      | Reached * piety under Sif Muna
  2144 | D:3      | Found an ancient bone altar of Kikubaaqudgha.
  2327 | D:3      | Noticed Sigmund
  2330 | D:3      | Killed Sigmund
  2331 | D:3      | Reached skill level 7 in Ranged Weapons
  2331 | D:3      | Reached XP level 6. HP: 37/37 MP: 6/6
  2391 | D:3      | Found a basalt altar of Yredelemnul.
  2392 | D:3      | Found a stormy altar of Qazlal.
  4245 | D:5      | Entered Level 5 of the Dungeon
  4444 | D:5      | Reached XP level 7. HP: 42/42 MP: 7/7
  5213 | D:5      | Reached skill level 8 in Ranged Weapons
  5583 | D:6      | Found a burning altar of Makhleb.
  5583 | D:6      | Found a radiant altar of Vehumet.
  5641 | D:6      | Noticed Pikel
  5645 | D:6      | Noticed a +0 falchion
  5645 | D:6      | Noticed a +0 spear
  5645 | D:6      | Noticed a +0 short sword
  5645 | D:6      | Noticed a +0 falchion
  5645 | D:6      | Noticed a +0 spear
  5646 | D:6      | Noticed a +0 dagger
  5673 | D:6      | HP: 2/43 [lemure[Pikel] (6)]
  5677 | D:6      | Noticed a +0 short sword
  5679 | D:6      | Slain by a lemure

Illustrated notes

Levels and vault maps discovered:
D:1:      mrwooster_arrival_arrow, layout_loops_ring
D:2:      layout_basic, basic_altar, kennysheep_decorative_pillar, minivault_23,
          corexii_shack, uniq_jessica
D:3:      kb_forest_paths, layout_loops_ring, kiku_gazebo_garden_becter,
          chequers_temple_overflow_statue_of_worship, minmay_curled_crystal,
          uniq_sigmund
D:4:      layout_basic
D:5:      layout_gridville
D:6:      layout_loops_corners, bloody_makhleb, nicolae_uskayaw_en_pointe,
          mainiacjoe_overflow_alcove_1, minmay_temple_entry_mist, uniq_pikel

Skill      XL: |  1  2  3  4  5  6  7 |
---------------+----------------------+-----
Stealth        | 2 3 4 |  4.9
Ranged Weapons | 6 7 8 |  8.3
Dodging        | 3 4 |  4.7
Fighting       | 3 4 |  4.2

Action                     |  1- 3 |  4- 6 |  7- 9 || total
---------------------------+-------+-------+-------++-------
   Fire: Shortbow          |    42 |   104 |    61 ||   207
Ability: Evoke Blink       |       |       |     2 ||     2
    Use: Scroll            |     3 |     7 |     6 ||    16
 Armour: Leather armour    |     3 |       |       ||     3
         Ring mail         |       |     8 |    12 ||    20
  Dodge: Dodged            |    13 |    23 |    34 ||    70
  Block: Other             |       |     7 |    13 ||    20
